AoeStats
← ZamSerg

Arena

507681454Analyzed
4v4 RM · 12d ago on Sep 19, 2026· 50m 33s· 8 players
Game mode
Random Map
Map size
Large (8 player)
Population
200
Speed
Normal
Resources
Standard
Victory
Conquest
Starting age
Dark Age
Ending age
Imperial Age
RankedLock teamsTeams togetherTeam positionsShared explorationLock speedFull tech treeHidden civsTurbo modeCheats
Victory
Defeat
🇹🇼 Turks · Taiwan
1170
+16
🇨🇳 Franks · China
1169
+16
🇭🇰 Mapuche · Hong Kong SAR China
1160
+16
🇨🇳 Huns · China
1127
+18
🇨🇳 Gurjaras · China
1248
-19
🇷🇺 Franks · Russia
1247
-20
🇹🇷 Byzantines · Türkiye
1102
-14
🇪🇸 Khmer · Spain
1075
-13
lkm543
11:24 Feudal Age
16:04 Castle Age
14:14 Double-Bit Axe
14:29 Double-Bit Axe
14:49 Horse Collar
17:22 Bow Saw
18:18 Loom
22:23 Wheelbarrow
23:31 Stone Mining
23:34 Gold Mining
25:35 Hand Cart
26:45 Gold Shaft Mining
26:13 Heavy Plow
26:08 Fletching
27:18 Town Watch
27:40 Bodkin Arrow
32:27 Imperial Age
30:32 Scale Barding Armor
30:52 Forging
31:06 Ballistics
30:27 Treadmill Crane
33:17 Iron Casting
33:03 Chain Barding Armor
32:44 Padded Archer Armor
33:15 Bloodlines
33:06 Husbandry
33:31 Bombard Tower
33:38 Conscription
34:00 Masonry
33:46 Murder Holes
33:42 Guard Tower
34:06 Fortified Wall
34:04 Bracer
34:15 Artillery
34:14 Heavy Camel Rider
38:37 Blast Furnace
38:15 Plate Barding Armor
38:18 Hoardings
38:55 Two-Man Saw
41:40 Architecture
44:06 Padded Archer Armor
45:25 Leather Archer Armor
47:19 Ring Archer Armor
46:53 Caravan
47:23 Coinage
49:26 Banking
Katovincere
9:18 Feudal Age
14:59 Castle Age
13:12 Double-Bit Axe
13:13 Horse Collar
21:40 Wheelbarrow
22:00 Heavy Plow
22:50 Gold Mining
24:07 Bow Saw
25:31 Gold Shaft Mining
25:04 Loom
26:43 Hand Cart
30:46 Imperial Age
28:29 Forging
28:21 Scale Mail Armor
28:44 Pikeman
29:25 Squires
31:14 Iron Casting
30:55 Chain Mail Armor
30:45 Scale Barding Armor
31:13 Bloodlines
31:22 Husbandry
31:09 Halberdier
34:17 Blast Furnace
33:08 Fletching
33:38 Chain Barding Armor
32:49 Cavalier
34:28 Bodkin Arrow
34:33 Padded Archer Armor
35:03 Light Cavalry
36:24 Conscription
36:10 Arson
36:23 Hussar
40:13 Two-Man Saw
41:17 Plate Barding Armor
40:43 Bracer
41:21 Marauders
42:30 Elite Tarkan
44:24 Stone Mining
45:15 Caravan
45:53 Capped Ram
MU CHEN
10:20 Feudal Age
14:13 Castle Age
12:38 Double-Bit Axe
28:02 Imperial Age
26:11 Wheelbarrow
25:33 Gold Mining
25:56 Bow Saw
27:17 Hand Cart
26:50 Loom
26:50 Town Watch
28:01 Gold Shaft Mining
27:17 Stone Mining
28:19 Forging
28:14 Scale Barding Armor
28:19 Forging
28:42 Cavalier
30:00 Iron Casting
29:30 Husbandry
30:23 Conscription
30:24 Town Patrol
29:56 Paladin
32:42 Chivalry
34:10 Chain Barding Armor
34:58 Blast Furnace
38:33 Hoardings
38:21 #83
37:21 Elite Throwing Axeman
38:44 Plate Barding Armor
38:55 Pikeman
39:21 Arson
39:22 Gambesons
39:37 Squires
39:39 Scale Mail Armor
42:26 Masonry
43:18 Chemistry
42:29 Fortified Wall
43:13 Chain Mail Armor
42:34 Halberdier
44:42 Plate Mail Armor
46:12 Architecture
45:48 Siege Engineers
45:29 Arrowslits
45:40 Murder Holes
EBE_3
10:22 Feudal Age
14:28 Castle Age
13:19 Double-Bit Axe
13:44 Horse Collar
15:25 Bow Saw
16:11 Heavy Plow
20:34 Forging
21:03 Wheelbarrow
20:49 Gold Mining
23:21 Iron Casting
24:32 Loom
27:24 Hand Cart
26:54 Town Watch
31:53 Imperial Age
31:03 Gold Shaft Mining
30:18 Stone Mining
31:07 Malon
32:07 Fletching
32:17 Padded Archer Armor
33:18 Butalmapu
33:14 Malon
33:34 Conscription
35:21 Blast Furnace
33:45 Elite Kona
36:38 Murder Holes
36:32 Arrowslits
37:47 Chemistry
37:07 Ballistics
38:17 Elite Bolas Rider
39:50 Hoardings
39:20 Pikeman
42:12 Bodkin Arrow
41:49 Halberdier
43:05 Arson
42:41 Champi Runner
43:33 Champi Warrior
44:16 Scale Mail Armor
45:27 Elite Champi Warrior
46:23 Chain Mail Armor
46:24 Leather Archer Armor
47:51 Sappers
51:42 Ring Archer Armor
Bertinos
11:40 Feudal Age
14:21 Castle Age
13:52 Double-Bit Axe
21:01 Light Cavalry
22:00 Horse Collar
23:57 Bow Saw
24:51 Elite Skirmisher
25:41 Fletching
26:46 Heavy Plow
29:32 Wheelbarrow
33:07 Imperial Age
32:37 Ballistics
32:22 Gold Mining
32:52 Bodkin Arrow
32:57 Padded Archer Armor
34:52 Chemistry
34:26 Bracer
36:22 Capped Ram
37:16 Siege Ram
43:37 Scale Barding Armor
43:43 Forging
43:49 Leather Archer Armor
43:45 Siege Engineers
44:05 Conscription
43:47 Tusk Swords
43:47 Double Crossbow
Taiga
11:01 Feudal Age
15:43 Castle Age
13:45 Double-Bit Axe
14:24 Horse Collar
18:19 Bow Saw
22:13 Forging
22:10 Scale Barding Armor
23:03 Wheelbarrow
22:57 Husbandry
24:52 Chain Barding Armor
25:39 Husbandry
27:59 Loom
28:32 Hand Cart
30:02 Heavy Plow
31:00 Iron Casting
34:53 Imperial Age
36:38 Plate Barding Armor
37:14 Chemistry
37:30 Crop Rotation
36:42 Heavy Camel Rider
43:42 Ballistics
Chongyass
10:05 Feudal Age
14:48 Castle Age
12:44 Double-Bit Axe
21:28 Wheelbarrow
20:46 Horse Collar
22:55 Heavy Plow
25:10 Bow Saw
25:47 Loom
29:03 Imperial Age
26:48 Fortified Wall
26:46 Loom
27:18 Hand Cart
26:56 Gold Mining
28:12 Scale Barding Armor
28:18 Forging
28:58 Bloodlines
28:49 Husbandry
28:58 Kshatriyas
29:44 Gold Shaft Mining
29:38 Stone Mining
30:11 Chain Barding Armor
30:26 Iron Casting
29:23 Heavy Camel Rider
31:54 Frontier Guards
31:55 Conscription
33:27 Plate Barding Armor
34:51 Chemistry
33:48 Murder Holes
34:49 Hoardings
35:32 Stone Shaft Mining
37:14 Elite Shrivamsha Rider
39:21 Padded Archer Armor
39:11 Fletching
40:30 Leather Archer Armor
40:37 Ballistics
41:10 Elite Elephant Archer
41:48 Bodkin Arrow
ZamSerg
10:39 Feudal Age
14:51 Castle Age
14:17 Double-Bit Axe
16:39 Loom
21:42 Bow Saw
24:01 Wheelbarrow
23:39 Gold Mining
26:24 Gold Shaft Mining
27:15 Stone Mining
28:07 Fortified Wall
31:15 Imperial Age
31:21 Imperial Age
29:42 Hand Cart
29:13 Town Watch
29:56 Fletching
30:12 Scale Barding Armor
30:18 Forging
30:13 Husbandry
29:34 Light Cavalry
31:28 Masonry
31:45 Chain Barding Armor
32:52 Iron Casting
32:12 Bodkin Arrow
31:42 Cavalier
33:56 Plate Barding Armor
33:54 Paladin
37:20 Murder Holes
37:27 Chivalry
38:50 Blast Furnace
43:11 Conscription
44:15 Pikeman
44:55 Squires
46:37 Halberdier
Connection lost

Rejoining the realm…

Still unreachable

The connection could not be restored.

Session expired

The server has moved on; the page needs a fresh start.